 Dungeon Crawl Stone Soup version 0.29.1-1-gd02db6906a (webtiles) character file.

Game seed: 5299933598868251909

32629 oldmanjim the Fighter (level 13, -2/172 HPs)
             Began as an Ogre Transmuter on Sept 30, 2022.
             Was the Champion of Okawaru.
             Slain by a hornet (10 damage)
             ... on level 5 of the Lair of Beasts on Oct 1, 2022.
             The game lasted 02:51:37 (24194 turns).

oldmanjim the Fighter (Ogre Transmuter)            Turns: 24194, Time: 02:51:39

Health: -2/172     AC:  8    Str: 17    XL:     13   Next: 65%
Magic:  27/27      EV:  9    Int: 18    God:    Okawaru [******]
Gold:   122        SH:  0    Dex:  9    Spells: 9/32 levels left

rFire   x . .      SeeInvis .     - Unarmed
rCold   + + +      Faith    .   (shield currently unavailable)
rNeg    . . .      Spirit   .   (body armour currently unavailable)
rPois   +          Reflect  .   (helmet currently unavailable)
rElec   .          Harm     .   (cloak currently unavailable)
rCorr   .          Rampage  .   (gloves unavailable)
Will    ++...                   (boots unavailable)
Stlth   +.........              d - amulet of magic regeneration
HPRegen 0.38/turn               k - ring of protection from cold
MPRegen 0.60/turn               Z - ring of willpower

@: lethally poisoned (-2 -> -10), about to teleport, ice-form
A: freezing attack, amphibious, boosted hp, large, unfitting armour, (tough skin
1)
a: End Transformation, Renounce Religion, Heroism, Finesse, Duel


You were on level 5 of the Lair of Beasts.
You worshipped Okawaru.
Okawaru was exalted by your worship.
You were a creature of crystalline ice.
You visited 3 branches of the dungeon, and saw 17 of its levels.
You also visited: Volcano.

You collected 738 gold pieces.
You spent 616 gold pieces at shops.

Inventory:

Hand Weapons
 b - a +1 sling
 V - the +8 whip "Snakebite" (melded) {venom, curare, rPois}
   (You found it on level 2 of the Lair of Beasts)

   It poisons the flesh of those it strikes.
   It occasionally inflicts asphyxiating poison on those it strikes, dealing
   poison damage and causing slowness.
   rPois:     It protects you from poison.
Missiles
 l - 9 large rocks (quivered)
 p - 40 poisoned darts
 I - 2 throwing nets
 N - 10 curare-tipped darts
 W - 5 atropa-tipped darts
Armour
 a - a +0 robe
 v - a +0 kite shield
 D - a +0 cloak (melded)
 H - the +0 troll leather armour "Reil Bia" (melded) {rElec rF+ Regen+ Str+4}
   (Okawaru gifted it to you on level 10 of the Dungeon)

   Str:       It affects your strength (+4).
   rF:        It protects you from fire.
   rElec:     It insulates you from electricity.
   Regen:     It increases your rate of health regeneration.
 S - a +1 robe of resistance
 Y - a +0 hat (melded)
Jewellery
 d - an amulet of magic regeneration (around neck)
 k - a ring of protection from cold (left front paw)
 Q - a ring of resist corrosion
 R - a ring of poison resistance
 U - a +6 ring of dexterity
 Z - a ring of willpower (right front paw)
Wands
 e - a wand of polymorph (10)
 i - a wand of digging (7)
 x - a wand of roots (7)
 y - a wand of flame (29)
 C - a wand of paralysis (27)
 F - a wand of light (10)
 G - a wand of mindburst (7)
Scrolls
 g - 5 scrolls of teleportation
 h - 2 scrolls of identify
 m - 8 scrolls of fear
 o - 2 scrolls of amnesia
 s - 2 scrolls of blinking
 w - 3 scrolls of enchant armour
 z - a scroll of silence
 B - a scroll of enchant weapon
 E - 3 scrolls of immolation
 J - 3 scrolls of poison
 X - a scroll of torment
Potions
 f - 5 potions of might
 j - 10 potions of curing
 n - 3 potions of attraction
 q - 2 potions of flight
 r - 4 potions of lignification
 u - 2 potions of haste
 A - a potion of magic
 K - 3 potions of heal wounds
 L - 2 potions of cancellation
 M - 3 potions of brilliance
 O - a potion of mutation
 P - a potion of berserk rage
 T - a potion of ambrosia


   Skills:
 - Level 13.0 Fighting
 - Level 3.0 Throwing
 - Level 1.7 Dodging
 - Level 10.0 Unarmed Combat
 + Level 10.2 Spellcasting
 - Level 3.0 Conjurations
 + Level 9.5 Transmutations
 - Level 4.0 Ice Magic
 + Level 5.1 Air Magic
 - Level 3.0 Poison Magic
 + Level 9.9 Invocations


You had 9 spell levels left.
You knew the following spells:

 Your Spells              Type           Power      Damage    Failure   Level
a - Ignite Poison         Fire/Tmut/Pois 24%        N/A       4%          3
b - Spider Form           Tmut/Pois      31%        N/A       1%          3
c - Ice Form              Ice/Tmut       33%        N/A       4%          4
d - Mephitic Cloud        Conj/Pois/Air  22%        N/A       4%          3
e - Ozocubu's Armour      Ice            23%        N/A       4%          3
f - Storm Form            Tmut/Air       17%        N/A       97%         7

Your spell library contained the following spells:

 Spells                   Type           Power      Damage    Failure   Level
 Beastly Appendage        Tmut           86%        N/A       1%          1
 Wereblood                Tmut           43%        N/A       1%          2
 Slow                     Hex            36%        N/A       8%          1
 Confusing Touch          Hex            9%         N/A       24%         3
 Vampiric Draining        Necr           9%         2d6       24%         3
 Corpse Rot               Necr/Pois/Air  18%        N/A       26%         4
 Fulminant Prism          Conj/Hex       7%         3d7       38%         4
 Iskenderun's Mystic Bla  Conj/Tloc      14%        2d5       38%         4
 Freezing Cloud           Conj/Ice/Air   11%        6-21      38%         5
 Dispel Undead            Necr           9%         3d8       61%         4
 Lee's Rapid Deconstruct  Erth           4%         3d6*      91%         5
 Orb of Destruction       Conj           10%        9d6       100%        7
 Ozocubu's Refrigeration  Ice            11%        4d10      100%        7
 Maxwell's Capacitive Co  Air            13%        ∞         100%        8
 Summon Guardian Golem    Hex/Summ       Unusable   N/A       N/A         3
 Summon Lightning Spire   Summ/Air       Unusable   N/A       N/A         4
 Death Channel            Necr           Unusable   N/A       N/A         6
 Spellforged Servitor     Conj/Summ      Unusable   N/A       N/A         7

Dungeon Overview and Level Annotations

Branches:
Dungeon (11/15)            Temple (1/1) D:7            Lair (5/5) D:11
 Shoals (0/4) Lair:3       Spider (0/4) Lair:3        Slime (0/5) Lair:5
    Orc (0/2) D:11        Volcano (visited)

Altars:
Ashenzari
Cheibriados
Dithmenos
Elyvilon
Fedhas
Gozag
Hepliaklqana
Kikubaaqudgha
Makhleb
Nemelex Xobeh
Okawaru
Qazlal
Ru
Sif Muna
Trog
Uskayaw
Vehumet
Wu Jian
Xom
Yredelemnul
Zin
The Shining One

Shops:
D:8 :

Annotations:
D:3 2 transporters, Rudyous's ghost, weakling MiFi
D:4 Pikel
D:10 3 runed translucent doors, exclusion: 3 doors, CertainDeath's ghost, journeyman MiMo
Lair:5 1 runed translucent door, exclusion: 3 oklob plants, Ades's ghost, journeyman MiFi


Innate Abilities, Weirdness & Mutations

You are a creature of crystalline ice.
You have a powerful freezing melee attack.
You are amphibious.
Your maximum health is increased.
Your armour is entirely melded.
You are incapable of wielding weapons or throwing items.
You are too large for most types of armour.
((You have tough skin. (AC +1)))


Message History

The water moccasin bites you but does no damage.
The water moccasin attacks as you move away!
The water moccasin closely misses you. The hornet attacks as you move away!
The hornet barely misses you.
You feel very sick. The wyvern bites you!
The water moccasin closely misses you.
The hornet stings you but does no damage.
You feel very sick.
A nearby plant withers and dies.
The wyvern barely misses you. The water moccasin closely misses you.
The wyvern bites you! The cane toad stings you!
* * * LOW HITPOINT WARNING * * *
As you read the scroll of teleportation, it crumbles to dust.
You feel strangely unstable.
You feel very sick.
The hornet stings you but does no damage.
The water moccasin bites you but does no damage.
The wyvern bites you!
* * * LOW HITPOINT WARNING * * *
The komodo dragon bites you but does no damage.
The cane toad stings you but does no damage.
The hornet stings you but does no damage.
The water moccasin completely misses you.
You feel better. The wyvern completely misses you.
The hornet completely misses you. The komodo dragon bites you.
* * * LOW HITPOINT WARNING * * *
The water moccasin bites you!
* * * LOW HITPOINT WARNING * * *
The cane toad stings you!
* * * LOW HITPOINT WARNING * * *
The wyvern bites you!
* * * LOW HITPOINT WARNING * * *
The cane toad attacks as you move away! The cane toad closely misses you.
The water moccasin attacks as you move away!
The water moccasin bites you.
* * * LOW HITPOINT WARNING * * *
You are lethally poisoned!
The water moccasin poisons you! The hornet attacks as you move away!
The hornet stings you!
You die...

..................#
.................P##
...................#
..##.).#....)†PP..##
..##..............# ###
...#..##..........###.###
.....#.#.##..#....#P....####
.... ... #.###..l.........#
.#..#.## #.YyY........# #


PPP #lFS.........# .... ###.Y..........# .. ##.............###
#......†.........# #.).....#.........# .....P..#†........# ....#..##.........#
.###..##.P.......# You could see a komodo dragon, 2 yaks, a cane toad, a hornet,
a water moccasin and a wyvern.

Vanquished Creatures
  A boulder beetle (Lair:4)
  5 hydras
  A centaur warrior (D:9)
  4 two-headed ogres
  2 catoblepae
  Sonja (Lair:1)
  Amaemon (Lair:2)
  An orc sorcerer (D:11)
  2 merfolk sirens (Lair:3)
  6 black mambas (Lair:2)
  Maggie (D:8)
  Joseph (D:8)
  An orange demon (Lair:2)
  7 cane toads
  A rime drake (Lair:1)
  4 komodo dragons
  2 merfolk (Lair:3)
  A troll (D:9)
  A meliai (Lair:3)
  12 blink frogs
  3 polar bears
  2 shadows (D:11)
  3 wyverns
  2 vampires
  2 basilisks (Lair:5)
  25 yaks
  A fire elemental (Lair:4)
  Grum (D:8)
  A two-headed ogre zombie (D:11)
  3 wargs (D:11)
  15 water moccasins
  3 hell hounds (Lair:4)
  4 orc warriors
  3 black bears
  2 ice beasts (D:6)
  An ogre (D:6)
  3 wolves
  A lemure (D:4)
  A phantom (D:11)
  4 centaurs
  10 bullfrogs
  6 kobold brigands
  3 gnoll sergeants
  3 necrophages
  A scorpion (D:7)
  4 wights (D:5)
  3 troll zombies (D:11)
  16 killer bees
  5 howler monkeys
  A hound (D:5)
  2 jellies
  7 orc priests
  2 gnoll boudas
  10 orc wizards
  Ijyb (D:4)
  3 iguanas
  4 ogre zombies (D:11)
  13 adders
  14 gnolls
  A shadow imp (D:6)
  A white imp (D:6)
  3 ufetubi
  2 worms
  7 dart slugs
  32 orcs
  6 ball pythons
  5 bats
  14 endoplasms
  5 giant cockroaches
  2 goblins (D:2)
  11 hobgoblins
  37 kobolds
  2 quokkas
  2 frilled lizards (D:1)
  A goblin skeleton (D:11)
  2 goblin zombies (D:11)
  A hobgoblin skeleton (D:11)
  3 orc skeletons (D:11)
  18 orc zombies (D:11)
  4 rats
  2 butterflies (Lair:2)
404 creatures vanquished.

Vanquished Creatures (others)
  25 fungi
  22 plants
47 creatures vanquished.

Grand Total: 451 creatures vanquished

Notes
Turn   | Place    | Note
-------+----------+-------------------------------------------
     0 | D:1      | oldmanjim the Ogre Transmuter began the quest for the Orb.
     0 | D:1      | Reached XP level 1. HP: 19/19 MP: 3/3
   266 | D:1      | Reached skill level 2 in Fighting
   266 | D:1      | Reached XP level 2. HP: 28/28 MP: 3/5
   592 | D:1      | Found a faded altar of an unknown god.
   965 | D:1      | Reached XP level 3. HP: 35/36 MP: 5/7
   969 | D:1      | Learned a level 3 spell: Spider Form
  2383 | D:2      | Reached skill level 3 in Fighting
  2388 | D:2      | Reached XP level 4. HP: 45/45 MP: 6/8
  2482 | D:3      | Found a transporter.
  2484 | D:3      | Found a transporter.
  2484 | D:3      | Noticed Rudyous's ghost (weakling MiFi)
  2723 | D:3      | Reached skill level 1 in Poison Magic
  3060 | D:3      | Reached XP level 5. HP: 53/53 MP: 10/10
  3435 | D:4      | Noticed Pikel
  3438 | D:4      | Noticed a lemure
  3439 | D:4      | Noticed a lemure
  3439 | D:4      | Noticed a lemure
  3638 | D:4      | Noticed a black bear
  3665 | D:4      | Killed a black bear
  3974 | D:4      | Reached XP level 6. HP: 48/61 MP: 10/12
  4095 | D:4      | Reached skill level 9 in Fighting
  4095 | D:4      | Reached XP level 7. HP: 84/84 MP: 12/19
  4101 | D:4      | Learned a level 4 spell: Ice Form
  4380 | D:4      | Noticed Ijyb
  4387 | D:4      | Killed Ijyb
  4388 | D:4      | Reached skill level 10 in Fighting
  5253 | D:5      | Entered Level 5 of the Dungeon
  5287 | D:5      | You fall into a shaft and drop 2 floors!
  5312 | D:7      | Reached skill level 1 in Ice Magic
  5362 | D:7      | Found a staircase to the Ecumenical Temple.
  5375 | Temple   | Entered the Ecumenical Temple
  5813 | Temple   | Became a worshipper of Warmaster Okawaru
  6315 | D:7      | Reached XP level 8. HP: 93/93 MP: 16/21
  6510 | D:7      | Reached * piety under Okawaru
  6599 | D:7      | Learned a level 3 spell: Mephitic Cloud
  7057 | D:5      | Reached ** piety under Okawaru
  7382 | D:6      | Reached XP level 9. HP: 101/101 MP: 19/22
  7678 | D:6      | Reached skill level 5 in Unarmed Combat
  7678 | D:6      | Reached skill level 1 in Conjurations
  7678 | D:6      | Reached skill level 1 in Air Magic
  8756 | D:8      | Noticed Grum
  9058 | D:8      | Learned a level 3 spell: Ignite Poison
  9059 | D:8      | Found Uder's Book Shoppe.
  9076 | D:8      | Killed Grum
  9076 | D:8      | Reached *** piety under Okawaru
  9102 | D:8      | Noticed Joseph
  9445 | D:8      | Reached skill level 1 in Invocations
  9450 | D:8      | Reached XP level 10. HP: 89/110 MP: 18/23
  9451 | D:8      | Noticed a two-headed ogre
  9698 | D:8      | Killed Joseph
  9698 | D:8      | Reached **** piety under Okawaru
 10051 | D:8      | Noticed Maggie
 10077 | D:8      | Killed Maggie
 10247 | D:8      | Killed a two-headed ogre
 10248 | D:8      | Reached skill level 5 in Invocations
 10295 | D:8      | Found a shimmering altar of Xom.
 10297 | D:8      | Found a shimmering altar of Xom.
 10299 | D:8      | Found a shimmering altar of Xom.
 10302 | D:8      | Noticed a deep troll
 10306 | D:8      | Noticed a swamp dragon
 10306 | D:8      | a culicivora changed into a swamp dragon
 10307 | D:8      | Found a shimmering altar of Xom.
 10307 | D:8      | Found a shimmering altar of Xom.
 10307 | D:8      | Found a shimmering altar of Xom.
 10713 | D:8      | Reached skill level 1 in Throwing
 11259 | D:9      | Reached ***** piety under Okawaru
 11404 | D:9      | Noticed a two-headed ogre
 11519 | D:9      | Killed a two-headed ogre
 11520 | D:9      | Reached XP level 11. HP: 119/119 MP: 14/24
 11878 | D:9      | Noticed a centaur warrior
 11889 | D:9      | Noticed a six-headed hydra
 11890 | D:9      | Killed a centaur warrior
 11900 | D:9      | Killed a six-headed hydra
 11901 | D:9      | Reached skill level 11 in Fighting
 12612 | D:10     | Entered Level 10 of the Dungeon
 12806 | D:10     | Identified the +0 troll leather armour "Reil Bia" {rElec
                  | rF+ Regen+ Str+4} (Okawaru gifted it to you on level 10 of
                  | the Dungeon)
 12806 | D:10     | Received a gift from Okawaru
 13045 | D:10     | Found a runed translucent gate.
 13046 | D:10     | Noticed CertainDeath's ghost (journeyman MiMo)
 13046 | D:10     | Found a runed translucent gate.
 13046 | D:10     | Identified the +9 plate armour "Dounon" {rElec Int+2 Dex+2}
 13047 | D:10     | Found a runed translucent gate.
 14104 | D:11     | Found a staircase to the Orcish Mines.
 14671 | D:11     | Noticed a two-headed ogre
 14684 | D:11     | Noticed a seven-headed hydra
 14685 | D:11     | Killed a two-headed ogre
 14694 | D:11     | Killed a seven-headed hydra
 14819 | D:11     | Noticed an orc sorcerer
 14819 | D:11     | Paralysed by an orc sorcerer for 5 turns
 14836 | D:11     | Reached XP level 12. HP: 130/130 MP: 17/25
 15174 | D:11     | Noticed a two-headed ogre
 15194 | D:11     | Killed a two-headed ogre
 15331 | D:11     | Found a staircase to the Lair.
 15806 | D:11     | Learned a level 3 spell: Ozocubu's Armour
 15836 | Lair:1   | Entered Level 1 of the Lair of Beasts
 16366 | Lair:1   | Noticed Sonja
 16395 | Lair:1   | Killed Sonja
 16714 | Lair:1   | Noticed a four-headed hydra
 16722 | Lair:1   | Killed a four-headed hydra
 16723 | Lair:1   | Reached skill level 12 in Fighting
 18600 | Lair:2   | Found the +8 whip "Snakebite" {venom, curare, rPois}
 18724 | Lair:2   | Reached ****** piety under Okawaru
 18987 | Lair:2   | Noticed Amaemon
 19223 | Lair:2   | Killed Amaemon
 19805 | Lair:2   | Received a gift from Okawaru
 19915 | Lair:3   | Reached XP level 13. HP: 141/141 MP: 17/26
 19931 | Lair:3   | Found a staircase to the Shoals.
 20668 | Lair:2   | Reached skill level 10 in Spellcasting
 21014 | Lair:3   | Reached skill level 13 in Fighting
 21204 | Lair:3   | Found a hole to the Spider Nest.
 22179 | Lair:4   | Reached skill level 10 in Unarmed Combat
 22229 | Lair:4   | Found a dark tunnel.
 22281 | Volcano  | Entered a volcano
 22860 | D:8      | Bought a book of the Sky for 616 gold pieces
 22868 | D:8      | Learned a level 7 spell: Storm Form
 23163 | Lair:4   | Identified the +1 leather armour of the Hundredfold Places
                  | {Will++ Dex+4}
 23705 | Lair:5   | Entered Level 5 of the Lair of Beasts
 23705 | Lair:5   | Found a staircase to the Slime Pits.
 23915 | Lair:5   | Reached skill level 5 in Air Magic
 24094 | Lair:5   | Found a runed translucent door.
 24094 | Lair:5   | Noticed Ades's ghost (journeyman MiFi)
 24183 | Lair:5   | Paralysed by a hornet for 1 turns
 24194 | Lair:5   | HP: 8/172 [water moccasin (3)]
 24194 | Lair:5   | Slain by a hornet

Illustrated notes

Levels and vault maps discovered:
D:1:      kennysheep_arrival_seaside, layout_basic, basic_ecumenical_altar
D:2:      layout_basic
D:3:      layout_rooms, gammafunk_ghost_mausoleum, serial_co_window_serial,
          co_window_of_opportunity_a, co_window_corner_a, co_window_paths_b,
          co_window_paths_a, co_window_corner_a, co_window_corner_ca,
          co_window_corner_b, co_window_broadway_a, co_window_paths_c,
          co_window_unsneaky_path_b, glass_columns_b, glass_columns_b,
          glass_columns_c, glass_columns_c, glass_columns_a
D:4:      layout_layer_cave, corexii_checkpoint_a, uniq_pikel, uniq_ijyb
D:5:      layout_rooms
D:6:      layout_basic, dk_noncrumbling_2
D:7:      layout_basic, minmay_temple_entry_slanted
D:8:      layout_basic, xom_shifter_show, serial_shops, shop, uniq_grum,
          uniq_maggie, uniq_joseph
D:9:      nzn_winding_woodlands_small [nzn_winding_woodlands_5x15_zeroes,
          nzn_winding_woodlands_center_lodge,
          nzn_winding_woodlands_5x15_split_checker], layout_cave_pools,
          serial_glass, glass_columns_c, glass_columns_a
D:10:     layout_stronghold, biasface_ghost_orc_armoury
D:11:     layout_roguey, erik_lair_orcish_takeover, zombieorc2_lemuel
Temple:   compressed_dpeg_triangle_lava_temple
Lair:1:   layout_cellular_growth, uniq_sonja
Lair:2:   minmay_guarded_unrand_snakebite, layout_loops_ring,
          lemuel_fruit_fields, infiniplex_staircase_pool, uniq_amaemon
Lair:3:   layout_layer_cave, elwin_shoals_entry_stream,
          hellmonk_spider_entry_not_the_bees, grunt_megastairs_1
Lair:4:   layout_regular_city, enter_volcano_3, lemuel_fruit_fields,
          lemuel_fruit_fields
Lair:5:   hangedman_lair_tendril_chambers, layout_cave_shapes,
          hangedman_lair_in_review, minmay_slime_entry_oklob_open,
          gauntlet_entry_generic, gammafunk_ghost_grave

Skill      XL: |  1  2  3  4  5  6  7  8  9 10 11 12 13 |
---------------+----------------------------------------+-----
Transmutations | 2 3 7 8 9 |  9.5
Fighting       | 2 3 9 10 11 12 13 | 13.0
Spellcasting   | 3 4 9 10 | 10.2
Poison Magic   | 1 2 3 |  3.0
Unarmed Combat | 3 4 5 6 8 9 10 | 10.0
Ice Magic      | 2 3 4 |  4.0
Conjurations   | 2 3 |  3.0
Air Magic      | 2 3 4 5 |  5.1
Invocations    | 2 5 8 9 |  9.9
Throwing       | 2 3 |  3.0
Dodging        | |  1.7

Action                   |  1- 3 |  4- 6 |  7- 9 | 10-12 | 13-15 || total
-------------------------+-------+-------+-------+-------+-------++-------
Melee: Unarmed           |    81 |    60 |   180 |   378 |   148 ||   847
       Kick              |    27 |    15 |       |       |       ||    42
       Headbutt          |    11 |     7 |       |       |       ||    18
       Punch             |       |     1 |       |       |     1 ||     2
       Whip              |       |       |       |       |    15 ||    15
 Fire: Sling             |     5 |    73 |    35 |    15 |       ||   128
Throw: Stone             |     4 |       |       |       |       ||     4
       Large rock        |       |       |       |     4 |       ||     4
 Cast: Beastly Appendage |    30 |    13 |       |       |       ||    43
       Spider Form       |       |     1 |     2 |       |     1 ||     4
       Ice Form          |       |       |    31 |    72 |    23 ||   126
       Mephitic Cloud    |       |       |     4 |    92 |    17 ||   113
       Ignite Poison     |       |       |     4 |    63 |     9 ||    76
       Ozocubu's Armour  |       |       |       |     3 |     1 ||     4
Invok: Finesse           |       |       |       |     3 |       ||     3
       Heroism           |       |       |       |     2 |     2 ||     4
 Abil: End Transformatio |       |       |       |       |     2 ||     2
Evoke: Wand              |       |       |       |     3 |       ||     3
  Use: Scroll            |       |    12 |     5 |    10 |     8 ||    35
       Potion            |       |     1 |     3 |       |     4 ||     8
 Stab: Confused          |       |       |       |     5 |     1 ||     6
Armor: Robe              |    16 |    19 |     2 |     6 |     2 ||    45
       Skin              |       |     1 |    70 |   156 |    67 ||   294
       Troll leather arm |       |       |       |       |    10 ||    10
Dodge: Dodged            |    34 |    53 |   113 |   189 |   117 ||   506
